[ AOE2 MATCH · #465233433 ]
UnrankedPersians vs Poles
[ REPLAY ANALYSIS · EXTRACTED FROM THE RECORDED GAME ]
Feudal
14:57
Castle
25:12
Imperial
66:51
| APM avg | 35.5 |
| APM peak | 126 |
| eAPM avg | 19.5 |
| Villagers / military | 105 / 211 |
Focus
⚔️ 43.5% · 🌾 56.5%
Archer ×130 · Fishing Ship ×35 · War Elephant ×31 · Spearman ×17 · Battering Ram ×11 · Knight ×8
Feudal
17:17
Castle
32:47
Imperial
—
| APM avg | 6.6 |
| APM peak | 40 |
| eAPM avg | 3.3 |
| Villagers / military | 86 / 34 |
Focus
⚔️ 17.2% · 🌾 82.8%
Spearman ×20 · Scout Cavalry ×11 · Militia ×3
Feudal
18:10
Castle
25:54
Imperial
50:25
| APM avg | 10.3 |
| APM peak | 53 |
| eAPM avg | 9.4 |
| Villagers / military | 144 / 269 |
Focus
⚔️ 42.4% · 🌾 57.6%
Conquistador ×255 · Trebuchet (Packed) ×14
Feudal
14:10
Castle
28:55
Imperial
55:34
| APM avg | 22.2 |
| APM peak | 81 |
| eAPM avg | 18.5 |
| Villagers / military | 247 / 192 |
Focus
⚔️ 47.5% · 🌾 52.5%
Spearman ×67 · Scorpion ×46 · Trebuchet (Packed) ×20 · Mameluke ×18 · Camel Scout ×16 · Militia ×9
Match map
Initial resources + every placement click. Lines = walls · curves = elevation contours. ◆ gold · ⬟ stone · ● berries · ✦ relic · ◌ wall gap
Your base· Open — unwalled flank
4ebyRasska's base· Open — unwalled flank
MrAlwaysWins's base· Open — 13t gap
leomelthorme191's base· Open — 7t gap
Smoothed initial terrain · ◌ = detected wall gap · hover for details
Inputs per minute
— leehunt85 - - 4ebyRasska
Build order — leehunt85
First 150 of 488 actions detected
| 0:15 | Build | Town Center |
| 2:06 | Build | House |
| 2:31 | Build | House |
| 2:34 | Create | Villager (Male) |
| 2:34 | Create | Villager (Male) |
| 2:34 | Create | Villager (Male) |
| 2:35 | Create | Villager (Male) |
| 2:44 | Create | Villager (Male) |
| 2:44 | Create | Villager (Male) |
| 3:29 | Build | House |
| 3:34 | Build | House |
| 3:54 | Build | House |
| 4:07 | Create | Villager (Male) |
| 4:34 | Create | Villager (Male) |
| 5:04 | Create | Villager (Male) |
| 5:28 | Create | Villager (Male) |
| 6:43 | Build | Dock |
| 6:56 | Create | Villager (Male) |
| 6:56 | Create | Villager (Male) |
| 6:57 | Create | Villager (Male) |
| 7:01 | Create | Villager (Male) |
| 7:24 | Create | Villager (Male) |
| 7:51 | Create | Fishing Ship |
| 7:57 | Create | Villager (Male) |
| 8:31 | Create | Villager (Male) |
| 8:36 | Create | Fishing Ship |
| 8:58 | Create | Villager (Male) |
| 9:31 | Create | Villager (Male) |
| 9:46 | Build | Mill |
| 9:53 | Create | Villager (Male) |
| 10:00 | Create | Villager (Male) |
| 10:03 | Create | Villager (Male) |
| 10:04 | Create | Villager (Male) |
| 10:08 | Create | Villager (Male) |
| 11:30 | Create | Villager (Male) |
| 12:04 | Create | Fishing Ship |
| 12:04 | Create | Fishing Ship |
| 12:04 | Create | Fishing Ship |
| 12:34 | Build | House |
| 12:41 | Build | House |
| 12:44 | Build | House |
| 12:51 | Research | Feudal Age |
| 13:30 | Build | Barracks |
| 13:56 | Build | Mining Camp |
| 14:23 | Create | Militia |
| 14:24 | Create | Militia |
| 14:24 | Create | Militia |
| 14:44 | Create | Villager (Male) |
| 14:45 | Create | Villager (Male) |
| 14:45 | Create | Villager (Male) |
| 14:50 | Create | Fishing Ship |
| 14:50 | Create | Fishing Ship |
| 14:57 | Age | Feudal Age |
| 16:07 | Create | Villager (Male) |
| 16:07 | Create | Villager (Male) |
| 16:07 | Create | Villager (Male) |
| 16:08 | Create | Villager (Male) |
| 16:08 | Create | Villager (Male) |
| 16:09 | Create | Villager (Male) |
| 16:27 | Create | Spearman |
| 16:30 | Create | Spearman |
| 16:31 | Create | Militia |
| 16:31 | Create | Militia |
| 16:36 | Build | House |
| 17:30 | Build | House |
| 18:37 | Build | House |
| 18:48 | Create | Villager (Male) |
| 19:19 | Build | House |
| 20:01 | Build | Archery Range |
| 20:06 | Build | Stable |
| 20:14 | Build | Farm |
| 20:26 | Build | Farm |
| 21:00 | Build | Blacksmith |
| 21:47 | Build | Market |
| 22:05 | Research | Padded Archer Armor |
| 22:07 | Research | Fletching |
| 22:23 | Create | Villager (Male) |
| 22:23 | Create | Villager (Male) |
| 22:46 | Research | Castle Age |
| 24:18 | Build | Barracks |
| 25:02 | Create | Spearman |
| 25:02 | Create | Spearman |
| 25:02 | Create | Spearman |
| 25:02 | Create | Spearman |
| 25:03 | Create | Spearman |
| 25:12 | Age | Castle Age |
| 25:18 | Build | Castle |
| 25:24 | Create | Spearman |
| 25:24 | Create | Spearman |
| 25:50 | Create | Archer |
| 25:50 | Create | Archer |
| 25:51 | Create | Archer |
| 26:11 | Build | Castle |
| 28:17 | Build | Farm |
| 28:21 | Build | Farm |
| 28:25 | Build | Farm |
| 28:30 | Build | Farm |
| 28:34 | Build | Farm |
| 29:24 | Create | Fishing Ship |
| 29:24 | Create | Fishing Ship |
| 29:29 | Research | Horse Collar |
| 29:41 | Research | Squires |
| 29:44 | Create | Spearman |
| 30:00 | Create | Fishing Ship |
| 30:01 | Create | Fishing Ship |
| 30:25 | Build | Mining Camp |
| 30:32 | Create | Villager (Male) |
| 30:32 | Create | Villager (Male) |
| 30:32 | Create | Villager (Male) |
| 30:33 | Create | Villager (Male) |
| 30:34 | Research | Loom |
| 31:03 | Create | Spearman |
| 31:03 | Create | Spearman |
| 31:03 | Create | Spearman |
| 31:44 | Create | War Elephant |
| 32:16 | Create | War Elephant |
| 32:29 | Build | Farm |
| 32:31 | Create | Villager (Male) |
| 33:33 | Build | Town Center |
| 33:44 | Create | Villager (Male) |
| 33:44 | Create | Villager (Male) |
| 33:44 | Create | Villager (Male) |
| 33:52 | Create | War Elephant |
| 34:00 | Create | War Elephant |
| 34:06 | Create | Fishing Ship |
| 34:06 | Create | Fishing Ship |
| 35:31 | Create | War Elephant |
| 35:47 | Create | War Elephant |
| 35:47 | Create | War Elephant |
| 36:17 | Build | Monastery |
| 36:27 | Create | Villager (Male) |
| 36:27 | Create | Villager (Male) |
| 36:27 | Create | Villager (Male) |
| 36:27 | Create | Villager (Male) |
| 36:36 | Create | Villager (Male) |
| 36:36 | Create | Villager (Male) |
| 36:36 | Create | Villager (Male) |
| 36:36 | Create | Villager (Male) |
| 36:36 | Create | Villager (Male) |
| 37:30 | Create | Spearman |
| 37:31 | Research | Pikeman (upgrade) |
| 37:32 | Create | Spearman |
| 37:32 | Create | Spearman |
| 37:32 | Create | Spearman |
| 37:54 | Build | University |
| 38:07 | Research | Crossbowman (upgrade) |
| 38:55 | Create | War Elephant |
| 39:14 | Build | Siege Workshop |
| 39:30 | Create | War Elephant |
| 40:07 | Build | Siege Workshop |
Build order — 4ebyRasska
First 150 of 167 actions detected
| 2:16 | Build | Town Center |
| 4:16 | Build | House |
| 4:20 | Create | Villager (Male) |
| 4:20 | Create | Villager (Male) |
| 4:21 | Create | Villager (Male) |
| 4:56 | Build | House |
| 5:39 | Create | Villager (Male) |
| 5:39 | Create | Villager (Male) |
| 5:39 | Create | Villager (Male) |
| 5:39 | Create | Villager (Male) |
| 6:32 | Create | Villager (Male) |
| 6:33 | Create | Villager (Male) |
| 7:01 | Create | Villager (Male) |
| 7:02 | Create | Villager (Male) |
| 7:29 | Create | Villager (Male) |
| 7:29 | Create | Villager (Male) |
| 7:56 | Create | Villager (Male) |
| 7:56 | Create | Villager (Male) |
| 8:42 | Build | House |
| 8:47 | Create | Villager (Male) |
| 8:47 | Create | Villager (Male) |
| 8:51 | Create | Villager (Male) |
| 9:40 | Create | Villager (Male) |
| 9:40 | Create | Villager (Male) |
| 9:48 | Create | Villager (Male) |
| 9:48 | Create | Villager (Male) |
| 10:21 | Create | Villager (Male) |
| 10:22 | Create | Villager (Male) |
| 11:05 | Build | Palisade Wall |
| 11:13 | Build | Palisade Wall |
| 11:20 | Build | Palisade Wall |
| 11:21 | Build | Palisade Wall |
| 11:24 | Build | Palisade Wall |
| 11:38 | Build | House |
| 12:07 | Build | Lumber Camp |
| 12:17 | Create | Villager (Male) |
| 12:17 | Create | Villager (Male) |
| 12:40 | Create | Villager (Male) |
| 12:46 | Create | Villager (Male) |
| 12:53 | Build | House |
| 13:45 | Build | Mill |
| 13:51 | Create | Villager (Male) |
| 13:51 | Create | Villager (Male) |
| 14:40 | Research | Loom |
| 14:49 | Build | Barracks |
| 15:07 | Research | Feudal Age |
| 16:19 | Create | Militia |
| 16:19 | Create | Militia |
| 16:21 | Create | Militia |
| 16:30 | Build | Mining Camp |
| 16:40 | Create | Villager (Male) |
| 16:40 | Create | Villager (Male) |
| 17:17 | Age | Feudal Age |
| 19:07 | Build | Watch Tower |
| 19:42 | Build | Farm |
| 19:43 | Build | Farm |
| 19:44 | Build | Farm |
| 19:45 | Build | Farm |
| 19:47 | Build | Farm |
| 19:48 | Build | Farm |
| 19:50 | Build | Farm |
| 19:51 | Build | Farm |
| 19:57 | Create | Villager (Male) ×3 |
| 20:10 | Create | Villager (Male) |
| 20:11 | Create | Villager (Male) |
| 20:25 | Build | Farm |
| 20:48 | Build | Farm |
| 20:50 | Create | Villager (Male) |
| 20:50 | Create | Villager (Male) |
| 21:44 | Build | Mining Camp |
| 21:48 | Create | Villager (Male) |
| 21:48 | Create | Villager (Male) |
| 22:04 | Build | Farm |
| 22:05 | Build | Farm |
| 22:16 | Build | Farm |
| 22:30 | Build | Farm |
| 22:51 | Build | House |
| 22:56 | Build | House |
| 23:04 | Research | Double-Bit Axe |
| 23:23 | Build | Watch Tower |
| 24:04 | Create | Villager (Male) |
| 24:04 | Create | Villager (Male) |
| 24:55 | Create | Villager (Male) |
| 25:06 | Build | Farm |
| 25:10 | Create | Villager (Male) |
| 25:10 | Create | Villager (Male) |
| 25:11 | Create | Villager (Male) |
| 25:14 | Create | Villager (Male) |
| 25:36 | Build | Stable |
| 25:45 | Build | Farm |
| 26:07 | Build | Farm |
| 26:16 | Research | Horse Collar |
| 26:24 | Build | Farm |
| 26:52 | Build | Farm |
| 27:05 | Create | Villager (Male) |
| 27:05 | Create | Villager (Male) |
| 27:12 | Build | Farm |
| 27:27 | Build | Stable |
| 27:40 | Build | Blacksmith |
| 27:48 | Build | House |
| 27:51 | Build | House |
| 27:54 | Build | House |
| 27:57 | Build | House |
| 27:59 | Build | House |
| 28:22 | Build | Farm |
| 28:26 | Create | Scout Cavalry ×5 |
| 28:35 | Build | Farm |
| 28:39 | Create | Villager (Male) |
| 28:39 | Create | Villager (Male) |
| 28:39 | Create | Villager (Male) |
| 29:45 | Build | Stone Wall |
| 29:47 | Build | Stone Wall |
| 29:49 | Build | Stone Wall |
| 29:52 | Build | Stone Wall |
| 30:07 | Research | Castle Age |
| 30:13 | Create | Scout Cavalry ×2 |
| 30:49 | Build | Farm |
| 31:03 | Create | Scout Cavalry ×3 |
| 31:07 | Create | Scout Cavalry |
| 31:49 | Research | Forging |
| 31:52 | Research | Scale Mail Armor |
| 32:23 | Research | Stone Mining |
| 32:36 | Create | Villager (Male) |
| 32:36 | Create | Villager (Male) |
| 32:39 | Create | Villager (Male) |
| 32:47 | Age | Castle Age |
| 32:57 | Build | Town Center |
| 33:07 | Create | Villager (Male) |
| 33:07 | Create | Villager (Male) |
| 33:18 | Research | Bloodlines |
| 33:27 | Build | Farm |
| 33:49 | Build | Farm |
| 33:53 | Research | Bow Saw |
| 33:58 | Create | Villager (Male) |
| 33:58 | Create | Villager (Male) |
| 33:59 | Create | Villager (Male) |
| 34:25 | Build | Farm |
| 34:40 | Build | Farm |
| 34:55 | Research | Light Cavalry (upgrade) |
| 35:26 | Create | Villager (Male) ×5 |
| 35:33 | Build | Farm |
| 35:36 | Create | Villager (Male) ×5 |
| 36:33 | Build | Farm |
| 36:40 | Create | Villager (Male) ×5 |
| 36:57 | Build | Castle |
| 37:41 | Research | Pikeman (upgrade) |
| 37:42 | Research | Squires |
| 38:22 | Build | Barracks |
| 38:24 | Build | Barracks |
| 38:25 | Build | Barracks |
Build order — MrAlwaysWins
First 150 of 601 actions detected
| 0:09 | Build | Town Center |
| 2:23 | Create | Villager (Male) |
| 2:23 | Create | Villager (Male) |
| 2:24 | Create | Villager (Male) |
| 2:24 | Create | Villager (Male) |
| 2:24 | Create | Villager (Male) |
| 2:35 | Build | House |
| 2:37 | Build | House |
| 2:41 | Build | House |
| 2:43 | Build | House |
| 4:04 | Create | Villager (Male) |
| 4:04 | Create | Villager (Male) |
| 4:34 | Create | Villager (Male) |
| 4:35 | Create | Villager (Male) |
| 5:02 | Create | Villager (Male) |
| 5:02 | Create | Villager (Male) |
| 5:35 | Create | Villager (Male) |
| 5:39 | Research | Loom |
| 7:24 | Create | Villager (Male) |
| 7:24 | Create | Villager (Male) |
| 7:24 | Create | Villager (Male) |
| 7:25 | Create | Villager (Male) |
| 7:25 | Create | Villager (Male) |
| 8:33 | Create | Villager (Male) |
| 8:33 | Create | Villager (Male) |
| 9:30 | Build | Mining Camp |
| 10:27 | Create | Villager (Male) |
| 10:27 | Create | Villager (Male) |
| 10:28 | Create | Villager (Male) |
| 10:28 | Create | Villager (Male) |
| 11:29 | Build | Mill |
| 12:12 | Create | Villager (Male) |
| 12:12 | Create | Villager (Male) |
| 12:12 | Create | Villager (Male) |
| 12:13 | Create | Villager (Male) |
| 14:34 | Build | Farm |
| 14:35 | Build | Farm |
| 14:35 | Build | Farm |
| 14:35 | Build | Farm |
| 14:35 | Build | Farm |
| 14:36 | Build | Farm |
| 14:36 | Build | Farm |
| 14:36 | Build | Farm |
| 14:36 | Build | Farm |
| 14:37 | Build | Farm |
| 14:37 | Build | Farm |
| 14:37 | Build | Farm |
| 14:38 | Build | Farm |
| 14:38 | Build | Farm |
| 14:38 | Build | Farm |
| 14:39 | Build | Farm |
| 14:41 | Build | Farm |
| 14:44 | Build | Farm |
| 14:46 | Build | Farm |
| 14:47 | Build | Farm |
| 16:00 | Research | Feudal Age |
| 17:50 | Create | Villager (Male) |
| 17:50 | Create | Villager (Male) |
| 17:50 | Create | Villager (Male) |
| 17:50 | Create | Villager (Male) |
| 17:52 | Create | Villager (Male) |
| 17:57 | Create | Villager (Male) |
| 18:10 | Age | Feudal Age |
| 18:46 | Build | House |
| 19:47 | Create | Villager (Male) |
| 19:56 | Build | House |
| 20:22 | Build | House |
| 20:38 | Create | Villager (Male) |
| 20:38 | Create | Villager (Male) |
| 21:18 | Build | Market |
| 21:34 | Create | Villager (Male) |
| 21:35 | Create | Villager (Male) |
| 21:37 | Create | Villager (Male) |
| 22:19 | Build | Blacksmith |
| 22:39 | Create | Villager (Male) |
| 22:39 | Create | Villager (Male) |
| 23:06 | Research | Castle Age |
| 23:32 | Research | Stone Mining |
| 23:34 | Research | Gold Mining |
| 24:04 | Build | Farm |
| 24:58 | Build | Mining Camp |
| 25:19 | Build | Farm |
| 25:54 | Age | Castle Age |
| 26:01 | Create | Villager (Male) |
| 26:01 | Create | Villager (Male) |
| 26:01 | Create | Villager (Male) |
| 26:02 | Create | Villager (Male) |
| 26:02 | Create | Villager (Male) |
| 26:04 | Create | Villager (Male) |
| 26:20 | Research | Horse Collar |
| 26:37 | Create | Villager (Male) |
| 26:53 | Build | Farm |
| 26:56 | Build | Farm |
| 27:16 | Research | Heavy Plow |
| 27:23 | Build | Farm |
| 28:05 | Build | Town Center |
| 28:11 | Build | Farm |
| 28:16 | Build | Farm |
| 28:47 | Build | House |
| 29:04 | Create | Villager (Male) |
| 29:04 | Create | Villager (Male) |
| 29:04 | Create | Villager (Male) |
| 29:04 | Create | Villager (Male) |
| 29:08 | Create | Villager (Male) |
| 29:15 | Create | Villager (Male) |
| 29:15 | Create | Villager (Male) |
| 29:16 | Create | Villager (Male) |
| 29:16 | Create | Villager (Male) |
| 29:16 | Create | Villager (Male) |
| 29:17 | Create | Villager (Male) |
| 29:37 | Build | Farm |
| 29:43 | Build | Farm |
| 29:49 | Build | Farm |
| 29:59 | Build | Farm |
| 30:09 | Build | Farm |
| 30:36 | Build | House |
| 30:44 | Create | Villager (Male) |
| 30:44 | Create | Villager (Male) |
| 30:44 | Create | Villager (Male) |
| 30:52 | Create | Villager (Male) |
| 30:53 | Create | Villager (Male) |
| 30:53 | Create | Villager (Male) |
| 31:08 | Build | Lumber Camp |
| 31:17 | Research | Stone Shaft Mining |
| 31:39 | Research | Fletching |
| 31:49 | Build | House |
| 32:00 | Research | Double-Bit Axe |
| 32:17 | Create | Villager (Male) |
| 32:17 | Create | Villager (Male) |
| 32:18 | Create | Villager (Male) |
| 32:20 | Create | Villager (Male) |
| 32:27 | Create | Villager (Male) |
| 32:27 | Create | Villager (Male) |
| 32:28 | Create | Villager (Male) |
| 32:34 | Create | Villager (Male) |
| 32:38 | Research | Bodkin Arrow |
| 33:07 | Build | Town Center |
| 33:25 | Build | House |
| 33:39 | Create | Villager (Male) |
| 33:40 | Create | Villager (Male) |
| 33:40 | Create | Villager (Male) |
| 33:48 | Create | Villager (Male) |
| 33:48 | Create | Villager (Male) |
| 34:06 | Build | Watch Tower |
| 35:15 | Create | Villager (Male) |
| 35:15 | Create | Villager (Male) |
| 35:15 | Create | Villager (Male) |
| 35:15 | Create | Villager (Male) |
| 35:16 | Create | Villager (Male) |
| 35:16 | Create | Villager (Male) |
Build order — leomelthorme191
First 150 of 661 actions detected
| 0:40 | Build | Town Center |
| 2:05 | Build | House |
| 2:14 | Build | House |
| 2:59 | Create | Villager (Male) |
| 3:00 | Create | Villager (Male) |
| 3:00 | Create | Villager (Male) |
| 3:00 | Create | Villager (Male) |
| 3:01 | Create | Villager (Male) |
| 3:01 | Create | Villager (Male) |
| 3:46 | Build | House |
| 3:54 | Build | Palisade Wall |
| 4:23 | Create | Villager (Male) |
| 4:24 | Create | Villager (Male) |
| 5:01 | Create | Villager (Male) |
| 5:31 | Build | Mill |
| 6:14 | Create | Villager (Male) |
| 6:14 | Create | Villager (Male) |
| 6:14 | Create | Villager (Male) |
| 6:15 | Create | Villager (Male) |
| 6:53 | Research | Loom |
| 6:53 | Research | Loom |
| 6:54 | Create | Villager (Male) |
| 6:54 | Create | Villager (Male) |
| 6:54 | Create | Villager (Male) |
| 7:22 | Create | Villager (Male) |
| 7:22 | Create | Villager (Male) |
| 7:39 | Create | Villager (Male) |
| 7:40 | Create | Villager (Male) |
| 7:40 | Create | Villager (Male) |
| 8:21 | Create | Villager (Male) |
| 8:21 | Create | Villager (Male) |
| 8:21 | Create | Villager (Male) |
| 8:22 | Create | Villager (Male) |
| 8:33 | Build | Lumber Camp |
| 8:51 | Create | Villager (Male) |
| 8:51 | Create | Villager (Male) |
| 8:51 | Create | Villager (Male) |
| 10:27 | Create | Villager (Male) |
| 10:27 | Create | Villager (Male) |
| 10:38 | Build | House |
| 10:47 | Create | Villager (Male) |
| 10:49 | Create | Villager (Male) |
| 10:49 | Create | Villager (Male) |
| 11:25 | Build | House |
| 11:35 | Build | Barracks |
| 12:00 | Research | Feudal Age |
| 12:41 | Build | Mining Camp |
| 13:30 | Build | House |
| 13:59 | Build | House |
| 14:02 | Build | House |
| 14:04 | Build | House |
| 14:06 | Build | House |
| 14:10 | Age | Feudal Age |
| 14:22 | Research | Horse Collar |
| 14:29 | Create | Villager (Male) |
| 14:32 | Create | Villager (Male) |
| 14:35 | Create | Villager (Male) |
| 15:14 | Build | Farm |
| 15:18 | Build | Farm |
| 15:26 | Build | Stable |
| 15:31 | Build | Stable |
| 15:34 | Create | Villager (Male) |
| 15:36 | Create | Villager (Male) |
| 15:51 | Build | House |
| 15:57 | Build | House |
| 16:13 | Build | House |
| 16:16 | Build | House |
| 16:20 | Build | House |
| 16:22 | Create | Villager (Male) |
| 16:24 | Create | Villager (Male) |
| 16:36 | Build | Farm |
| 16:39 | Build | Farm |
| 16:55 | Research | Double-Bit Axe |
| 17:06 | Build | Farm |
| 17:28 | Build | Farm |
| 17:35 | Create | Villager (Male) |
| 17:36 | Create | Villager (Male) |
| 17:36 | Create | Villager (Male) |
| 17:36 | Create | Villager (Male) |
| 18:05 | Research | Wheelbarrow |
| 18:12 | Build | Farm |
| 18:21 | Create | Scout Cavalry |
| 18:55 | Research | Man-at-Arms (upgrade) |
| 19:05 | Build | Barracks |
| 19:14 | Build | House |
| 19:16 | Build | House |
| 19:19 | Create | Villager (Male) |
| 19:24 | Create | Villager (Male) |
| 19:41 | Build | Farm |
| 19:45 | Create | Scout Cavalry |
| 19:49 | Create | Militia |
| 20:03 | Create | Villager (Male) |
| 20:08 | Build | Farm |
| 20:13 | Build | Farm |
| 20:32 | Build | House |
| 20:40 | Build | Palisade Wall |
| 20:54 | Create | Militia |
| 20:55 | Create | Militia |
| 20:55 | Create | Militia |
| 20:56 | Create | Militia |
| 20:56 | Create | Militia |
| 20:57 | Create | Militia |
| 21:16 | Build | Palisade Wall |
| 21:20 | Create | Villager (Male) |
| 21:20 | Create | Villager (Male) |
| 21:25 | Build | Farm |
| 21:28 | Build | Farm |
| 21:36 | Build | Farm |
| 22:03 | Build | Lumber Camp |
| 22:52 | Build | Palisade Wall |
| 23:09 | Build | Watch Tower |
| 23:17 | Build | House |
| 23:59 | Build | Blacksmith |
| 24:04 | Build | Market |
| 24:07 | Create | Militia |
| 24:08 | Create | Militia |
| 24:14 | Create | Scout Cavalry |
| 24:51 | Research | Forging |
| 25:03 | Build | Farm |
| 26:16 | Research | Castle Age |
| 26:57 | Build | Palisade Wall |
| 26:59 | Create | Villager (Male) |
| 26:59 | Create | Villager (Male) |
| 26:59 | Create | Villager (Male) |
| 27:18 | Research | Scale Mail Armor |
| 28:02 | Research | Arson |
| 28:06 | Research | Bloodlines |
| 28:09 | Create | Scout Cavalry |
| 28:10 | Create | Scout Cavalry |
| 28:10 | Create | Scout Cavalry |
| 28:40 | Create | Villager (Male) |
| 28:41 | Create | Villager (Male) |
| 28:41 | Create | Villager (Male) |
| 28:41 | Create | Villager (Male) |
| 28:47 | Build | Mining Camp |
| 28:55 | Age | Castle Age |
| 29:20 | Build | Town Center |
| 29:33 | Build | Town Center |
| 30:12 | Build | Town Center |
| 30:20 | Build | Mill |
| 30:24 | Build | Palisade Wall |
| 30:36 | Build | Town Center |
| 30:42 | Create | Villager (Male) |
| 30:42 | Create | Villager (Male) |
| 30:42 | Create | Villager (Male) |
| 30:43 | Create | Villager (Male) |
| 30:43 | Create | Villager (Male) |
| 30:43 | Create | Villager (Male) |
| 31:10 | Research | Fletching |
| 31:14 | Build | Farm |
Match timeline
| 3:54 | leomelthorme191 · wall_segment Palisade Wall x7 |
| 6:43 | leehunt85 · first_building Dock |
| 11:05 | 4ebyRasska · wall_segment Palisade Wall x11 |
| 11:13 | 4ebyRasska · wall_segment Palisade Wall x14 |
| 11:20 | 4ebyRasska · wall_segment Palisade Wall x1 |
| 11:21 | 4ebyRasska · wall_segment Palisade Wall x1 |
| 11:24 | 4ebyRasska · wall_segment Palisade Wall x1 |
| 11:35 | leomelthorme191 · first_building Barracks |
| 13:30 | leehunt85 · first_building Barracks |
| 14:10 | leomelthorme191 · age_up feudal |
| 14:49 | 4ebyRasska · first_building Barracks |
| 14:57 | leehunt85 · age_up feudal |
| 15:26 | leomelthorme191 · first_building Stable |
| 17:17 | 4ebyRasska · age_up feudal |
| 18:10 | MrAlwaysWins · age_up feudal |
| 20:01 | leehunt85 · first_building Archery Range |
| 20:06 | leehunt85 · first_building Stable |
| 20:40 | leomelthorme191 · wall_segment Palisade Wall x1 |
| 21:16 | leomelthorme191 · wall_segment Palisade Wall x7 |
| 22:43 | leehunt85 · first_market_sell 100 wood |
| 22:52 | leomelthorme191 · wall_segment Palisade Wall x9 |
| 25:12 | leehunt85 · age_up castle |
| 25:18 | leehunt85 · first_building Castle |
| 25:36 | 4ebyRasska · first_building Stable |
| 25:54 | MrAlwaysWins · age_up castle |
| 26:14 | MrAlwaysWins · first_market_buy 100 wood |
| 26:57 | leomelthorme191 · wall_segment Palisade Wall x7 |
| 28:55 | leomelthorme191 · age_up castle |
| 28:59 | leomelthorme191 · first_market_buy 100 stone |
| 29:05 | leomelthorme191 · first_market_sell 100 wood |
| 29:45 | 4ebyRasska · wall_segment Stone Wall x6 |
| 29:47 | 4ebyRasska · wall_segment Stone Wall x5 |
| 29:49 | 4ebyRasska · wall_segment Stone Wall x7 |
| 29:52 | 4ebyRasska · wall_segment Stone Wall x11 |
| 30:24 | leomelthorme191 · wall_segment Palisade Wall x15 |
| 32:47 | 4ebyRasska · age_up castle |
| 33:40 | leomelthorme191 · first_building Castle |
| 36:17 | leehunt85 · first_building Monastery |
| 36:57 | 4ebyRasska · first_building Castle |
| 39:14 | leehunt85 · first_building Siege Workshop |
| 42:38 | 4ebyRasska · resign |
| 43:46 | MrAlwaysWins · first_building Barracks |
| 44:18 | leomelthorme191 · first_building Siege Workshop |
| 44:23 | MrAlwaysWins · first_building Stable |
| 45:05 | MrAlwaysWins · first_building Archery Range |
| 45:52 | MrAlwaysWins · first_building Castle |
| 45:59 | leomelthorme191 · first_building Monastery |
| 48:31 | MrAlwaysWins · first_market_sell 100 wood |
| 50:25 | MrAlwaysWins · age_up imperial |
| 55:34 | leomelthorme191 · age_up imperial |
| 66:51 | leehunt85 · age_up imperial |
[ AI ANALYSIS · 1 CREDIT ]
What really happened in this match?
Wolo.gg analyzes every decision: build order, eco, micro, common mistakes by bracket. Personalized analysis on WhatsApp or Discord in 30 seconds.
Civ guide
Persians
Perfil
Jugador #17570971